 Dungeon Crawl Stone Soup version 0.31-a0-152-g6aa68a64a1 (webtiles) character file.

Game seed: 8922675608019452109

5329 qw the Skirmisher (level 10, -5/65 HPs)
             Began as a Gargoyle Hunter on June 10, 2023.
             Was a Believer of Okawaru.
             Slain by an unseen horror (7 damage)
             ... on level 8 of the Dungeon.
             The game lasted 00:02:46 (6801 turns).

qw the Skirmisher (Gargoyle Hunter)                 Turns: 6801, Time: 00:02:46

Health: -5/65      AC: 17    Str: 11    XL:     10   Next: 64%
Magic:  13/13      EV: 12    Int: 11    God:    Okawaru [**....]
Gold:   306        SH:  0    Dex: 17    Spells: 9/9 levels left

rFire   . . .        k - +0 arbalest
rCold   . . .        (shield currently unavailable)
rNeg    + . .        n - +2 ring mail {Will+}
rPois   inf          c - +0 helmet
rElec   +            a - scarf "Lewkicw" {repulsion, rElec rCorr Str-3 Slay+6}
rCorr   +            (no gloves)
SInv    .            f - +0 pair of boots
Will    +....        (no amulet)
Stlth   +            (no ring)
HPRegen 0.30/turn    (no ring)
MPRegen 0.13/turn

%: repel missiles
@: no status effects
A: sickness immunity, AC +7, negative energy resistance 1, electricity
resistance, torment resistance 1, petrification resistance
a: Renounce Religion, Heroism


You were on level 8 of the Dungeon.
You worshipped Okawaru.
Okawaru was pleased with you.
You visited 2 branches of the dungeon, and saw 9 of its levels.
You also visited: Sewer.

You collected 306 gold pieces.


Innate Abilities, Weirdness & Mutations

You are immune to sickness and miasma.
Your stone body is resilient. (AC +7)
You are immune to poison.
You resist negative energy. (rN+)
You are resistant to electric shocks. (rElec)
You are resistant to unholy torment.
You are immune to petrification.


   Skills:
 - Level 8.9 Fighting
 + Level 11.9 Ranged Weapons
 - Level 3.1 Armour
 - Level 4.7 Dodging
 - Level 1.1 Stealth
 - Level 4.1 Invocations


You had 9 spell levels left.
You didn't know any spells.
Your spell library was empty.

Inventory:

Hand Weapons
 k - a +0 arbalest (weapon)
Armour
 a - the scarf "Lewkicw" (worn) {repulsion, rElec rCorr Str-3 Slay+6}
   (You acquired it on level 5 of the Dungeon)

   Str:       It affects your strength (-3).
   Slay:      It affects your accuracy & damage with ranged weapons and melee
   (+6).
   rElec:     It insulates you from electricity.
   rCorr:     It protects you from acid and corrosion.
 c - a +0 helmet (worn)
 f - a +0 pair of boots (worn)
 l - +0 swamp dragon scales
 n - a +2 ring mail of willpower (worn)
Scrolls
 e - a scroll of identify
 m - a scroll of teleportation
Potions
 b - a potion of attraction
 d - a potion of resistance
 g - 2 potions of heal wounds
 h - a potion of lignification
 i - 2 potions of haste
 j - a potion of enlightenment {unknown}
 p - 3 potions of curing

Dungeon Overview and Level Annotations

Branches:
Dungeon (8/15)             Temple (1/1) D:5           Sewer (visited)
   Lair: D:8-11

Altars:
Cheibriados
Dithmenos
Elyvilon
Fedhas
Gozag
Hepliaklqana
Makhleb
Nemelex Xobeh
Okawaru
Qazlal
Ru
Sif Muna
Trog
Uskayaw
Vehumet
Wu Jian
Xom
Yredelemnul
Zin
The Shining One

Annotations:
D:3 1 runed translucent door, Crazy Yiuf
D:5 2 runed translucent doors, qw's ghost, novice MiHu


Message History

Something hits you but does no damage. Something hits you but does no damage.
Something hits you but does no damage. Something hits you but does no damage.
Something hits you but does no damage. Something hits you but does no damage.
Something hits you but does no damage.
Enter note:
Enter note:
Enter note:
Enter note:
Enter note:
Enter note:
Enter note:
Enter note:
Enter note: Something hits you but does no damage.
You shoot a bolt. Something hits you. x2
You shoot a bolt. Something hits you!
You shoot a bolt. Something hits you.
You shoot a bolt. Something barely misses you.
Something hits you but does no damage. x4
You shoot a bolt. Something hits you. Something hits you but does no damage.
Something completely misses you. Something hits you but does no damage.
Something hits you.
You shoot a bolt. Something hits you but does no damage.
Something barely misses you. Something hits you. Something shocks you.
You resist.
You shoot a bolt. Something hits you! Something hits you. Something shocks you.
You resist.
You shoot a bolt.
Something hits you but does no damage. x3
You shoot a bolt.
Something hits you but does no damage. x3; Something completely misses you.
Something hits you but does no damage. Something hits you!
You die...

#..# #..#######
#........# #..#####.#
###........#
#.......#.<#
#.#<.##.#..#
#.#..##.#..#
..#...@....#
####.###.#.####.#
#............#
#####.#.######
##############.#.####
####..%................#
......#############.##.#
#####.#############.##.#
#.>..[./......#.##.#


There were no monsters in sight!

Vanquished Creatures
  2 two-headed ogres (D:8)
  Pikel (D:4)
  Maggie (D:8)
  Sigmund (D:6)
  A spriggan (D:8)
  Eustachio (D:6)
  A steam dragon (D:8)
  Edmund (D:5)
  Menkaure (D:5)
  2 water moccasins (D:7)
  An orc warrior (D:6)
  Duvessa (D:4)
  A sky beast (D:7)
  3 ice beasts
  2 centaurs
  5 phantoms
  Blork the orc (D:4)
  2 bullfrogs
  A gnoll sergeant (D:6)
  3 scorpions
  Dowan (D:4)
  5 killer bees (D:7)
  An orc priest (D:6)
  A hound (D:5)
  A jelly (D:7)
  3 sleepcaps
  An iguana (D:5)
  Ijyb (D:5)
  An orc wizard (D:8)
  Natasha (twice) (D:4)
  A hell rat (Sewer)
  Robin (D:2)
  8 gnolls
  4 river rats
  11 adders
  2 white imps (D:7)
  An ufetubus (D:4)
  A worm (D:3)
  2 dart slugs
  22 orcs
  7 ball pythons
  4 endoplasms
  4 giant cockroaches
  6 hobgoblins
  3 kobolds
  3 quokkas
  6 bats
  A frilled lizard (D:3)
  11 goblins
  10 rats
  A spectral goblin (D:1)
158 creatures vanquished.

Notes
Turn   | Place    | Note
-------+----------+-------------------------------------------
     0 | D:1      | qw the Gargoyle Hunter began the quest for the Orb.
     0 | D:1      | Reached XP level 1. HP: 12/12 MP: 1/1
     0 | D:1      | 0 ||| qw: Version: 0.2-a-29-g767f381
     0 | D:1      | 0 ||| qw: Game counter: 3879
     0 | D:1      | 0 ||| qw: Always use a shield: true
     0 | D:1      | 0 ||| qw: God list: Okawaru
     0 | D:1      | 0 ||| qw: Allow faded altars: false
     0 | D:1      | 0 ||| qw: Do Orc after D:15 true
     0 | D:1      | 0 ||| qw: Do second Lair branch before Depths: true
     0 | D:1      | 0 ||| qw: Lair rune preference: random
     0 | D:1      | 0 ||| qw: Plans: Normal, Zot:1-4, Slime:5, God:TSO, Crypt,
                  | Tomb, Abyss, Pan, Hells, Win
     0 | D:1      | 0 ||| PLANNING D:1-11
   445 | D:1      | Found a faded altar of an unknown god.
   745 | D:1      | Reached XP level 2. HP: 17/17 MP: 2/2
   825 | D:1      | 825 ||| UPGRADING to +0 ring mail.
   835 | D:1      | 835 ||| DROPPING +0 leather armour.
   836 | D:1      | 836 ||| READING scroll labelled VARIEL XOAM.
   837 | D:1      | 837 ||| READING 2 scrolls labelled PIORIR JOPA.
   838 | D:1      | 838 ||| READING scroll labelled YDIHOPSO OGUFF.
   839 | D:1      | 839 ||| READING scroll labelled TAFENO OHOD.
   840 | D:1      | 840 ||| DROPPING scroll of butterflies.
   841 | D:1      | 841 ||| DROPPING scroll of blinking.
  1071 | D:2      | Reached skill level 1 in Armour
  1088 | D:2      | Reached XP level 3. HP: 21/21 MP: 3/3
  1093 | D:2      | Noticed Robin
  1107 | D:2      | Killed Robin
  1108 | D:2      | Reached skill level 5 in Ranged Weapons
  1627 | D:2      | 1627 ||| UPGRADING to +2 animal skin.
  1637 | D:2      | 1637 ||| UPGRADING to +0 helmet.
  1642 | D:2      | 1642 ||| UPGRADING to +0 pair of boots.
  1647 | D:2      | 1647 ||| DROPPING +0 ring mail.
  1648 | D:2      | 1648 ||| READING scroll labelled UWNUHEMOMORR.
  1649 | D:2      | 1649 ||| READING scroll labelled XUIKHYMN XABBO.
  1650 | D:2      | 1650 ||| READING scroll labelled DUDOZX ONAUCW.
  1651 | D:2      | 1651 ||| DRINKING 2 viscous blue potions.
  1659 | D:2      | 1659 ||| DROPPING potion of ambrosia.
  1706 | D:3      | Reached skill level 3 in Fighting
  1706 | D:3      | Reached XP level 4. HP: 28/28 MP: 4/4
  1807 | D:3      | Found a runed translucent door.
  1808 | D:3      | Noticed Crazy Yiuf
  1847 | D:3      | Found a glowing golden altar of the Shining One.
  1895 | D:3      | 1895 ||| READING scroll of enchant weapon.
  1895 | D:3      | 1895 ||| ENCHANTING +1 shortbow of freezing.
  2056 | D:3      | Found a hide-covered altar of Uskayaw.
  2187 | D:3      | 2187 ||| READING scroll labelled LANAOPL BI USO.
  2188 | D:3      | 2188 ||| READING scroll labelled SITZUE LIUZA.
  2189 | D:3      | 2189 ||| READING scroll labelled MIEGUOSOBLEDOU.
  2250 | D:4      | Noticed Duvessa
  2252 | D:4      | Noticed Dowan
  2262 | D:4      | Killed Duvessa
  2263 | D:4      | Reached skill level 6 in Ranged Weapons
  2263 | D:4      | Reached XP level 5. HP: 22/32 MP: 5/5
  2265 | D:4      | Killed Dowan
  2266 | D:4      | Reached XP level 6. HP: 27/38 MP: 6/6
  2317 | D:4      | Noticed Blork the orc
  2323 | D:4      | Killed Blork the orc
  2661 | D:4      | Reached skill level 7 in Ranged Weapons
  2661 | D:4      | Reached XP level 7. HP: 44/44 MP: 7/7
  2711 | D:4      | Noticed Pikel
  2726 | D:4      | Killed Pikel
  2727 | D:4      | Reached XP level 8. HP: 28/48 MP: 8/8
  2916 | D:4      | 2916 ||| READING scroll of enchant weapon.
  2916 | D:4      | 2916 ||| ENCHANTING +2 shortbow of freezing.
  3004 | D:4      | Noticed Natasha
  3013 | D:4      | Killed Natasha
  3032 | D:4      | Noticed Natasha
  3048 | D:4      | Killed Natasha
  3158 | D:4      | 3158 ||| READING scroll labelled MEYZEI TEGROA.
  3163 | D:4      | 3163 ||| READING 2 scrolls of identify.
  3163 | D:4      | 3163 ||| IDENTIFYING amethyst potion
  3164 | D:4      | 3164 ||| DROPPING potion of brilliance.
  3165 | D:4      | 3165 ||| DROPPING 4 potions of invisibility.
  3193 | D:5      | Entered Level 5 of the Dungeon
  3194 | D:5      | 3194 ||| PLANNING SEWER
  3399 | D:5      | Found a runed translucent door.
  3400 | D:5      | Noticed qw's ghost (novice MiHu)
  3445 | D:5      | Found a staircase to the Ecumenical Temple.
  3518 | D:5      | Noticed Ijyb
  3522 | D:5      | Killed Ijyb
  3531 | D:5      | Reached skill level 8 in Ranged Weapons
  3641 | D:5      | Noticed Menkaure
  3645 | D:5      | 3645 ||| FLEEEEING.
  3646 | D:5      | 3646 ||| FLEEEEING.
  3647 | D:5      | Killed Menkaure
  3814 | D:5      | Found a glowing drain.
  3815 | D:5      | 3815 ||| Stepping ~*~*~tactically~*~*~ (water).
  3819 | D:5      | 3819 ||| UPGRADING to +0 cloak.
  3824 | D:5      | 3824 ||| UPGRADING to +2 ring mail of willpower.
  3834 | D:5      | 3834 ||| DROPPING +2 animal skin.
  3835 | D:5      | 3835 ||| READING scroll labelled TUIPAR VEAPI.
  3836 | D:5      | 3836 ||| READING scroll labelled BADATA WEAXIT.
  3837 | D:5      | 3837 ||| READING scroll labelled FIYTHOSKUG.
  3837 | D:5      | Identified a scroll of acquirement
  3837 | D:5      | 3837 ||| ACQUIRING scarf "Lewkicw" {repulsion, rElec rCorr
                  | Str-3 Slay+6}
  3837 | D:5      | Acquired the scarf "Lewkicw" {repulsion, rElec rCorr Str-3
                  | Slay+6}
  3838 | D:5      | 3838 ||| READING scroll labelled DARYUTO ISIYLA.
  3839 | D:5      | 3839 ||| DRINKING 2 yellow potions.
  3840 | D:5      | 3840 ||| READING 2 scrolls of identify.
  3840 | D:5      | 3840 ||| IDENTIFYING fuming clear potion
  3846 | Sewer    | Entered a sewer
  3864 | Sewer    | 3864 ||| Stepping ~*~*~tactically~*~*~ (water).
  3873 | Sewer    | 3873 ||| Stepping ~*~*~tactically~*~*~ (water).
  3922 | Sewer    | 3922 ||| DRINKING 3 puce potions.
  3923 | Sewer    | 3923 ||| DRINKING 2 viscous grey potions.
  3936 | D:5      | 3936 ||| PLANNING TEMPLE
  3996 | Temple   | Entered the Ecumenical Temple
  3997 | Temple   | 3997 ||| PLANNING OKAWARU WORSHIP
  4272 | Temple   | 4272 ||| UPGRADING to scarf "Lewkicw" {repulsion, rElec
                  | rCorr Str-3 Slay+6}.
  4282 | Temple   | 4282 ||| DROPPING +0 cloak.
  4308 | Temple   | Became a worshipper of Warmaster Okawaru
  4308 | Temple   | 4308 ||| PLANNING D:1-11
  4382 | D:5      | Noticed Edmund
  4393 | D:5      | Killed Edmund
  4395 | D:5      | Reached skill level 9 in Ranged Weapons
  4395 | D:5      | Reached XP level 9. HP: 53/54 MP: 9/9
  4404 | D:5      | Found a runed translucent door.
  4630 | D:6      | 4630 ||| READING scroll of enchant weapon.
  4630 | D:6      | 4630 ||| ENCHANTING +3 shortbow of freezing.
  4638 | D:6      | Reached skill level 6 in Fighting
  4676 | D:6      | Noticed Sigmund
  4678 | D:6      | Killed Sigmund
  4770 | D:6      | Noticed Eustachio
  4776 | D:6      | Killed Eustachio
  4776 | D:6      | Reached * piety under Okawaru
  4829 | D:6      | Reached skill level 1 in Invocations
  4854 | D:6      | Reached skill level 10 in Ranged Weapons
  4897 | D:6      | Reached skill level 3 in Armour
  4902 | D:6      | 4902 ||| INVOKING Heroism.
  4903 | D:6      | 4903 ||| Stepping ~*~*~tactically~*~*~ (outnumbered).
  5045 | D:6      | 5045 ||| SWAPPING to +0 arbalest.
  5046 | D:6      | 5046 ||| DROPPING +4 shortbow of freezing.
  5052 | D:6      | Reached skill level 3 in Invocations
  5073 | D:6      | 5073 ||| Stepping ~*~*~tactically~*~*~ (outnumbered).
  5082 | D:6      | 5082 ||| INVOKING Heroism.
  5095 | D:6      | 5095 ||| INVOKING Heroism.
  5378 | D:6      | 5378 ||| DRINKING 2 sedimented ruby potions.
  5379 | D:6      | 5379 ||| DROPPING potion of degeneration.
  5478 | D:7      | Found a bloodstained altar of Trog.
  5491 | D:7      | Found a flagged portal.
  5590 | D:7      | 5590 ||| INVOKING Heroism.
  5599 | D:7      | HP: 14/57 [white imp/puff of frost (6)]
  5600 | D:7      | 5600 ||| DRINKING 2 potions of heal wounds.
  5611 | D:7      | Reached XP level 10. HP: 43/63 MP: 13/13
  5773 | D:7      | 5773 ||| INVOKING Heroism.
  5821 | D:7      | 5821 ||| FLEEEEING.
  5822 | D:7      | 5822 ||| FLEEEEING.
  5823 | D:7      | 5823 ||| FLEEEEING.
  5824 | D:7      | 5824 ||| FLEEEEING.
  5825 | D:7      | 5825 ||| FLEEEEING.
  5826 | D:7      | 5826 ||| FLEEEEING.
  5827 | D:7      | 5827 ||| FLEEEEING.
  5828 | D:7      | 5828 ||| FLEEEEING.
  5829 | D:7      | 5829 ||| FLEEEEING.
  5830 | D:7      | 5830 ||| FLEEEEING.
  5834 | D:7      | 5834 ||| STAIRDANCE
  5855 | D:6      | 5855 ||| DRINKING 2 bubbling ruby potions.
  5856 | D:6      | 5856 ||| READING 2 scrolls of identify.
  5856 | D:6      | 5856 ||| IDENTIFYING silvery potion
  5885 | D:7      | Reached skill level 11 in Ranged Weapons
  6164 | D:8      | Noticed Maggie
  6171 | D:8      | 6171 ||| INVOKING Heroism.
  6172 | D:8      | Killed Maggie
  6328 | D:8      | 6328 ||| Stepping randomly (disturbance).
  6330 | D:8      | 6330 ||| Stepping randomly (disturbance).
  6346 | D:8      | 6346 ||| Stepping randomly (disturbance).
  6420 | D:8      | Found a radiant altar of Vehumet.
  6598 | D:8      | Noticed a two-headed ogre
  6598 | D:8      | Noticed a two-headed ogre
  6599 | D:8      | 6599 ||| INVOKING Heroism.
  6607 | D:8      | Killed a two-headed ogre
  6607 | D:8      | Reached ** piety under Okawaru
  6609 | D:8      | Killed a two-headed ogre
  6663 | D:8      | Found the +12 pair of quick blades "Gyre" and "Gimble"
                  | {protect}
  6718 | D:8      | 6718 ||| INVOKING Heroism.
  6746 | D:8      | 6746 ||| FLEEEEING.
  6747 | D:8      | 6747 ||| FLEEEEING.
  6748 | D:8      | 6748 ||| FLEEEEING.
  6749 | D:8      | 6749 ||| FLEEEEING.
  6750 | D:8      | 6750 ||| FLEEEEING.
  6751 | D:8      | 6751 ||| FLEEEEING.
  6753 | D:8      | 6753 ||| FLEEEEING.
  6757 | D:8      | 6757 ||| FLEEEEING.
  6761 | D:8      | 6761 ||| FLEEEEING.
  6765 | D:8      | 6765 ||| FLEEEEING.
  6766 | D:8      | 6766 ||| FLEEEEING.
  6767 | D:8      | 6767 ||| FLEEEEING.
  6768 | D:8      | 6768 ||| FLEEEEING.
  6769 | D:8      | 6769 ||| FLEEEEING.
  6770 | D:8      | 6770 ||| FLEEEEING.
  6774 | D:8      | 6774 ||| FLEEEEING.
  6775 | D:8      | 6775 ||| FLEEEEING.
  6776 | D:8      | 6776 ||| FLEEEEING.
  6781 | D:8      | 6781 ||| FLEEEEING.
  6782 | D:8      | 6782 ||| FLEEEEING.
  6783 | D:8      | 6783 ||| FLEEEEING.
  6797 | D:8      | HP: 16/65 [something (4)]
  6799 | D:8      | HP: 6/65 [something (8)]
  6799 | D:8      | HP: 2/65 [something (1)]
  6801 | D:8      | Slain by an unseen horror

Levels and vault maps discovered:
D:1:      dpeg_arrival_castle, layout_loops_corners,
          dreamdust_ecumenical_altar_drowned_temple,
          nicolae_figureground_sparkle
D:2:      layout_loops_ring, uniq_robin
D:3:      layout_rooms, nicolae_uskayaw_suspiria, mainiacjoe_overflow_alcove_1,
          uniq_crazy_yiuf_cottage
D:4:      layout_gridville, serial_forest, infiniplex_forest_clump_small,
          infiniplex_forest_zigzag_2, infiniplex_forest_straight_5,
          infiniplex_forest_lined_2, infiniplex_forest_fountain,
          infiniplex_forest_corner_1, uniq_duvessa, uniq_pikel,
          uniq_blork_the_orc, uniq_natasha
D:5:      layout_loops_ring, minmay_temple_entry_mini_moons,
          portal_sewer_entry_e, ebering_ghost_sewer_f, chequers_avenue,
          uniq_ijyb, uniq_menkaure, uniq_edmund
D:6:      layout_basic, uniq_sigmund, uniq_eustachio
D:7:      layout_basic, bloody_trog, enter_bailey_2, kennysheep_nub,
          eino_small_chamber_without_monster
D:8:      layout_loops_ring, mainiacjoe_overflow_cross_hatched,
          lair_entry_dummy, nicolae_two_hexagons,
          hellmonk_guarded_unrand_gyre_and_gimble, uniq_maggie
Temple:   compressed_dpeg_triangle_lava_temple

Skill      XL: |  1  2  3  4  5  6  7  8  9 10 |
---------------+-------------------------------+-----
Armour         | 1 2 3 |  3.1
Ranged Weapons | 5 6 7 9 10 11 | 11.9
Fighting       | 3 4 5 7 8 |  8.9
Dodging        | 4 |  4.7
Invocations    | 4 |  4.1
Stealth        | |  1.1

Action                     |  1- 3 |  4- 6 |  7- 9 | 10-12 || total
---------------------------+-------+-------+-------+-------++-------
   Fire: Shortbow          |    89 |    66 |   229 |       ||   384
         Arbalest          |       |       |    79 |    58 ||   137
 Invoke: Heroism           |       |       |     4 |     4 ||     8
    Use: Scroll            |     7 |     4 |     9 |     1 ||    21
         Potion            |     1 |       |     5 |     1 ||     7
 Armour: Leather armour    |     5 |       |       |       ||     5
         Ring mail         |     8 |       |    67 |    44 ||   119
         Animal skin       |     1 |    10 |    26 |       ||    37
  Dodge: Dodged            |    17 |    13 |   157 |    17 ||   204
         Repelled          |       |       |     3 |     1 ||     4

Table legend:
 A = Non-vault XP
 B = Vault XP
 C = Vault XP percentage of total XP
 D = Non-vault monster count
 E = Vault monster count
 F = Vault count percentage of total count
                 A         B        C        D         E       F
            +---------+---------+-------+---------+---------+-------
      Total |    3451 |    4163 |  54.7 |     115 |      43 |  27.2
            +---------+---------+-------+---------+---------+-------
        D:1 |      13 |       1 |   7.1 |       9 |       1 |  10.0
        D:2 |      20 |      35 |  63.6 |      13 |      11 |  45.8
        D:3 |      58 |       0 |   0.0 |      15 |       0 |   0.0
        D:4 |     280 |     949 |  77.2 |      16 |       5 |  23.8
        D:5 |     560 |     404 |  41.9 |      16 |      11 |  40.7
        D:6 |    1099 |     437 |  28.5 |      23 |       2 |   8.0
        D:7 |    1117 |       0 |   0.0 |      17 |       0 |   0.0
        D:8 |     304 |    2272 |  88.2 |       6 |       4 |  40.0
      Sewer |       0 |      65 | 100.0 |       0 |       9 | 100.0
            +---------+---------+-------+---------+---------+-------
